 Dungeon Crawl Stone Soup version 0.30-a0-743-gbfdf073431 (webtiles) character file.

Game seed: 11187504540096735928

221 hikkokomori the Magician (level 5, -7/30 HPs)
             Began as a Deep Elf Earth Elementalist on Feb 6, 2023.
             Mangled by Sigmund
             ... wielding a +0 scythe of freezing
              (11 damage)
             ... on level 4 of the Dungeon.
             The game lasted 00:04:19 (3030 turns).

hikkokomori the Magician (DEEE)                     Turns: 3030, Time: 00:04:19

Health: -7/30      AC:  2    Str:  5    XL:     5   Next: 65%
Magic:  9/13       EV: 13    Int: 20    God:
Gold:   106        SH:  0    Dex: 17    Spells: 0/13 levels left

rFire   . . .      SeeInvis .    h - +0 dagger
rCold   . . .      Faith    .    (no shield)
rNeg    . . .      Spirit   .    a - +0 robe
rPois   .          Reflect  .    (no helmet)
rElec   .          Harm     .    (no cloak)
rCorr   .          Rampage  .    (no gloves)
Will    .....                    (no boots)
Stlth   +++                      (no amulet)
HPRegen 0.25/turn                (no ring)
MPRegen 0.13/turn                (no ring)

@: about to teleport
A: no striking features
a: no special abilities


You were on level 4 of the Dungeon.
You visited 1 branch of the dungeon, and saw 4 of its levels.

You collected 106 gold pieces.

Inventory:

Hand Weapons
 h - a +0 dagger (weapon)
 m - the +3 mace "Sawuaruf" {venom, rPois}
   (You found it on level 3 of the Dungeon)

   rPois:     It protects you from poison.
Armour
 a - a +0 robe (worn)
Jewellery
 k - an amulet of reflection
Wands
 o - a wand of roots (11)
Scrolls
 c - 2 scrolls of immolation {unknown}
 d - 2 scrolls of amnesia {unknown}
 e - 2 scrolls of poison {unknown}
 f - 2 scrolls of teleportation
 i - 3 scrolls of identify {unknown}
 j - 2 scrolls of noise {unknown}
 p - a scroll of enchant weapon {unknown}
 q - a scroll of silence {unknown}
Potions
 g - 4 potions of curing
 l - a potion of degeneration {unknown}
 n - a potion of mutation {unknown}
 r - a potion of flight {unknown}


   Skills:
 + Level 1.9 Fighting
 - Level 2.5 Dodging
 + Level 4.4 Stealth
 - Level 4.5 Spellcasting
 + Level 0.4 Conjurations
 - Level 1.2 Transmutations
 + Level 0.3 Air Magic
 + Level 4.4 Earth Magic


You couldn't memorise any spells.
You knew the following spells:

 Your Spells              Type           Power      Damage    Failure   Level
a - Sandblast             Erth           44%        2d11      1%          1
b - Slow                  Hex            16%        N/A       12%         1
c - Stone Arrow           Conj/Erth      28%        3d8       14%         3
d - Arcjolt               Conj/Air       3%         1d13      96%         5
e - Vhi's Electric Charg  Tloc/Air       10%        N/A       34%         3

Your spell library contained the following spells:

 Spells                   Type           Power      Damage    Failure   Level
 Passwall                 Tmut/Erth      13%        N/A       5%          2
 Confusing Touch          Hex            4%         N/A       36%         3
 Vampiric Draining        Necr           4%         2d6       36%         3
 Petrify                  Tmut/Erth      16%        N/A       36%         4
 Maxwell's Capacitive Co  Air            2%         ∞         100%        8


Dungeon Overview and Level Annotations

Branches:
Dungeon (4/15)
 Temple: D:4-7

Altars:
Fedhas
Okawaru
Ru
The Shining One

Annotations:
D:4 Sigmund


Message History

Press: ? - help, Shift-Dir - straight line The stone arrow hits the hound!!
You kill the hound!
A hobgoblin comes into view.
Magic courses through your body.
The hobgoblin shouts!
Something hits you. Something freezes you.
* * * LOW HITPOINT WARNING * * *
Casting: Stone Arrow (quite dangerous; 14% risk of failure)
Confirm with . or Enter, or press ? or * to list all spells.
You can't see any susceptible monsters within range! (Use Z to cast anyway.) Unknown command.
Casting: Stone Arrow (quite dangerous; 14% risk of failure)
Confirm with . or Enter, or press ? or * to list all spells.
The spell is quite dangerous to miscast (14% risk of failure)!
Continue anyway?
Aiming: Stone Arrow (quite dangerous; 14% risk of failure)
Press: ? - help, Shift-Dir - straight line
Casting: Stone Arrow (quite dangerous; 14% risk of failure)
Confirm with . or Enter, or press ? or * to list all spells.
The spell is quite dangerous to miscast (14% risk of failure)!
Continue anyway?
Uppercase [Y]es or [N]o only, please.
The spell is quite dangerous to miscast (14% risk of failure)!
Continue anyway?
Aiming: Stone Arrow (quite dangerous; 14% risk of failure)
Press: ? - help, Shift-Dir - straight line You miscast Stone Arrow.
You are very lightly contaminated with residual magic.
Nothing appears to happen.
Something hits you.
* * * LOW HITPOINT WARNING * * *
Something freezes you.
* * * LOW HITPOINT WARNING * * *
Casting: Stone Arrow (quite dangerous; 14% risk of failure)
Confirm with . or Enter, or press ? or * to list all spells.
The spell is quite dangerous to miscast (14% risk of failure)!
Continue anyway?
Okay, then.
Okay, then.
Your magical contamination has completely faded away.
As you read the scroll labelled ZOMAWI TUREOZ, it crumbles to dust.
You feel strangely unstable.
It was a scroll of teleportation.
Something hits you!
You die...

######## #......# #......#
####......# ### #######
#..@..#...# #.# ..(...#
#####{###.....# #.#
......####g..g.# ###...## ##[#
...........##### #.#..## #..#
......###### #.#...# ###..#
......######### #.....###...##
####..........## ##.#......#.#
##............######.##....#..#
#..............##.......##...##


You could see a hobgoblin.

Vanquished Creatures
  A hound (D:4)
  An iguana (D:4)
  2 orc wizards
  4 adders (D:3)
  A dart slug (D:1)
  3 orcs (D:3)
  5 ball pythons
  7 bats
  3 endoplasms
  4 giant cockroaches
  9 goblins
  11 hobgoblins
  2 jackals (D:1)
  6 kobolds
  3 quokkas
  4 frilled lizards (D:2)
  7 rats
73 creatures vanquished.

Notes
Turn   | Place    | Note
-------+----------+-------------------------------------------
     0 | D:1      | hikkokomori the Deep Elf Earth Elementalist began the quest
                  | for the Orb.
     0 | D:1      | Reached XP level 1. HP: 10/10 MP: 6/6
    85 | D:1      | Reached XP level 2. HP: 15/15 MP: 2/8
   534 | D:1      | Reached XP level 3. HP: 20/20 MP: 6/10
  1310 | D:2      | Reached skill level 1 in Fighting
  1817 | D:3      | Reached XP level 4. HP: 25/25 MP: 9/11
  1885 | D:3      | Found an iron altar of Okawaru.
  1992 | D:3      | Found a faded altar of an unknown god.
  1997 | D:3      | Found a blossoming altar of Fedhas.
  2013 | D:3      | Found a glowing golden altar of the Shining One.
  2039 | D:3      | Identified the +3 mace "Sawuaruf" {venom, rPois}
  2046 | D:3      | Found a sacrificial altar of Ru.
  2587 | D:3      | Reached XP level 5. HP: 9/29 MP: 8/13
  2980 | D:4      | Noticed Sigmund
  2986 | D:4      | Learned a level 1 spell: Slow
  2990 | D:4      | Learned a level 3 spell: Stone Arrow
  2996 | D:4      | Learned a level 5 spell: Arcjolt
  3000 | D:4      | Learned a level 3 spell: Vhi's Electric Charge
  3030 | D:4      | Mangled by Sigmund

Illustrated notes

Levels and vault maps discovered:
D:1:      reono_arrival_forest_river, layout_loops_ring, solitary_fountain
D:2:      layout_loops_ring
D:3:      layout_basic, mainiacjoe_overflow_small_starburst,
          hangedman_ru_absence, nicolae_overflow_ecumenical_swirl,
          old_standard_altar
D:4:      layout_rooms, uniq_sigmund

Skill      XL: |  1  2  3  4 |
---------------+-------------+-----
Stealth        | 3 4 |  4.4
Fighting       | 1 |  1.9
Spellcasting   | 4 |  4.5
Earth Magic    | 4 |  4.4
Dodging        | |  2.5
Conjurations   | |  0.4
Transmutations | |  1.2
Air Magic      | |  0.3

Action                     |  1- 3 |  4- 6 || total
---------------------------+-------+-------++-------
  Melee: Dagger            |     1 |     1 ||     2
   Cast: Sandblast         |    64 |    29 ||    93
         Stone Arrow       |       |     4 ||     4
         Slow              |       |     3 ||     3
    Use: Potion            |       |     2 ||     2
         Scroll            |       |     1 ||     1
 Armour: Robe              |     1 |     2 ||     3
  Dodge: Dodged            |    13 |    21 ||    34

Table legend: (Time is in decaauts)
 A = Elapsed time spent in this place.
 B = Non-inter-level travel time spent in this place.
 C = Inter-level travel time spent in this place.
 D = Time resting spent in this place.
 E = Time spent auto-exploring this place.
 F = Levels seen in this place.
 G = Mean time per level.
                   A        B        C        D        E       F      G
               +--------+--------+--------+--------+--------+-----+--------+
         Total |   3085 |   3030 |     55 |      0 |   2604 |   4 |  771.2 |
       Dungeon |   3085 |   3030 |     55 |      0 |   2604 |   4 |  771.2 |
               +--------+--------+--------+--------+--------+-----+--------+

Top non-repeatable levels by time:
     D:3: 956 daAuts
     D:1: 926 daAuts
     D:2: 839 daAuts
     D:4: 364 daAuts
